 Dungeon Crawl Stone Soup version 0.26.1-11-gd32895ea62 (webtiles) character file.

Game seed: 4539069846309110993

1546 vvl the Slasher (level 8, -7/63 HPs)
             Began as a Demonspawn Berserker on June 1, 2021.
             Was an Elder of Trog.
             Splashed by an oklob plant's acid (16 damage)
             ... on level 7 of the Dungeon.
             The game lasted 00:13:57 (8052 turns).

vvl the Slasher (Demonspawn Berserker)              Turns: 8052, Time: 00:13:57

Health: -7/63      AC: -1    Str: 20    XL:     8   Next: 57%
Magic:  8/8        EV:  5    Int:  8    God:    Trog [****..]
Gold:   376        SH:  8    Dex: 13    Spells: 7/7 levels left

rFire    . . .     SeeInvis .   z - +0 dagger (venom)
rCold    . . .     Faith    +   b - +0 kite shield (curse)
rNeg     . . .     Spirit   .   H - +0 plate armour
rPois    .         Reflect  .   A - +0 helmet
rElec    .         Harm     .   (no cloak)
rCorr    .         Rampage  .   (no gloves)
Will     .....                  E - +0 pair of boots
Stlth    ..........             r - amulet of faith
HPRegen  0.20/turn              x - +4 ring of slaying
MPRegen  0.11/turn              (no ring)

@: corroded
A: hooves 2, powered by pain 2
a: Renounce Religion, Berserk, Trog's Hand, Brothers in Arms


You were on level 7 of the Dungeon.
You worshipped Trog.
Trog was greatly pleased with you.
You visited 2 branches of the dungeon, and saw 9 of its levels.

You collected 376 gold pieces.

Inventory:

Hand Weapons
 a - a +0 falchion
 w - a +0 short sword of speed
 z - a +0 dagger of venom (weapon)
Armour
 b - a cursed +0 kite shield (worn)
 A - a +0 helmet (worn)
 E - a +0 pair of boots (worn)
 H - a +0 plate armour (worn)
Jewellery
 g - an uncursed amulet of guardian spirit
 r - an amulet of faith (around neck)
 x - a +4 ring of slaying (left hand)
Wands
 p - a wand of disintegration (24)
 t - a wand of flame (18)
 u - a wand of iceblast (11)
 v - a wand of acid (14)
 C - a wand of digging (3)
 D - a wand of polymorph (7)
 K - a wand of random effects (22)
Scrolls
 d - 5 scrolls of remove curse {unknown}
 e - 3 scrolls of magic mapping {unknown}
 f - 8 scrolls of identify
 h - 6 scrolls of enchant weapon {unknown}
 k - a scroll of fog {unknown}
 l - a scroll of enchant armour {unknown}
 o - a scroll of amnesia {unknown}
 s - a scroll of blinking {unknown}
 y - 4 scrolls of teleportation {unknown}
 G - a scroll of fear {unknown}
 M - a scroll of torment {unknown}
Potions
 c - 2 potions of ambrosia {unknown}
 i - 3 potions of heal wounds {unknown}
 j - 3 potions of attraction {unknown}
 m - a potion of mutation {unknown}
 n - 3 potions of haste {unknown}
 q - 2 potions of flight {unknown}
 B - a potion of invisibility {unknown}
 F - 2 potions of lignification {unknown}
 I - a potion of brilliance {unknown}
 J - 2 potions of cancellation {unknown}
 L - a potion of curing {unknown}


   Skills:
 + Level 5.6 Fighting
 * Level 6.7 Long Blades
 + Level 4.6 Armour
 - Level 4.0 Dodging
 + Level 1.7 Shields
 + Level 2.0 Evocations


You had 7 spell levels left.
You didn't know any spells.
Your spell library was empty.

Dungeon Overview and Level Annotations

Branches:
Dungeon (8/15)             Temple (1/1) D:4
   Lair: D:8-11

Altars:
Ashenzari
Cheibriados
Elyvilon
Fedhas
Gozag
Kikubaaqudgha
Makhleb
Nemelex Xobeh
Okawaru
Trog
Uskayaw
Vehumet
Wu Jian
The Shining One

Annotations:
D:7 exclusion: oklob plant


Innate Abilities, Weirdness & Mutations

You have hoof-like feet.
You sometimes gain power by taking damage.


Message History

The acid corrodes the fungus!
The fungus begins to die.
The fungus is lightly damaged.
The oklob plant spits acid at you.
The splash of acid hits you but does no damage.
The acid corrodes you!
You are splashed with acid!
A nearby plant withers and dies.
The oklob plant spits acid at you. The splash of acid hits you!
The acid corrodes you!
You are splashed with acid!
You hit the oklob plant but do no damage.
A nearby fungus withers and dies.
You hit the oklob plant but do no damage.
You hit the oklob plant but do no damage.
The oklob plant spits acid at you. You block the splash of acid.
You hit the oklob plant but do no damage.
The oklob plant spits acid at you. The splash of acid hits you!
* * * LOW HITPOINT WARNING * * *
The acid corrodes you!
You are splashed with acid!
You die... ..#### .<.... ...... ...... ..#### ## ###### ######## PP #P#PP.##PPPP.P# # PPP #PP##PPPPP.PPP# #.
PPPP

#PPP.PPP...@P## .###
.##P###P###.PPP....#
(.#
PPP#........#PP.PPP#
#.#
P#PP..≈≈.≈≈..P.PPPP#
##.##
#PP..≈≈≈.≈≈≈...P#PP#
#....
PP..≈≈≈≈.≈≈≈≈..#..P#
.#..##
#P.≈≈≈≈≈.≈≈≈≈≈..PPP#
.....##
...≈≈≈≈...≈≈≈≈.P.P##
.........
P#.≈≈≈≈._.≈≈≈≈.PP.P
.......###


You could see an oklob plant.

Vanquished Creatures
  An orc warrior (D:6)
  A sky beast (D:6)
  An ogre (D:5)
  2 centaurs (D:5)
  A big kobold (D:6)
  Blork the orc (D:5)
  2 bullfrogs
  2 scorpions
  A howler monkey (D:6)
  A bullfrog zombie (D:5)
  A hound (D:4)
  5 orc wizards
  4 orc priests
  An iguana (D:5)
  Jessica (D:2)
  3 worker ants (D:5)
  Ijyb (D:5)
  A hound skeleton (D:4)
  9 adders
  A white imp (D:6)
  An adder skeleton (D:5)
  3 worms
  5 dart slugs
  8 leopard geckos
  15 orcs
  3 ball pythons
  6 bats
  4 giant cockroaches
  11 hobgoblins
  10 jackals
  8 kobolds
  3 quokkas
  A frilled lizard (D:2)
  9 goblins
  11 rats
138 creatures vanquished.

Vanquished Creatures (others)
  2 fungi (D:7)
  9 plants (D:7)
11 creatures vanquished.

Grand Total: 149 creatures vanquished

Notes
Turn   | Place    | Note
-------+----------+-------------------------------------------
     0 | D:1      | vvl the Demonspawn Berserker began the quest for the Orb.
     0 | D:1      | Reached XP level 1. HP: 18/18 MP: 1/1
   250 | D:1      | Gained mutation: You have large cloven feet. [demonic
                  | ancestry]
   250 | D:1      | Reached XP level 2. HP: 24/24 MP: 2/2
   268 | D:1      | Reached skill level 3 in Long Blades
   430 | D:1      | Found a snail-covered altar of Cheibriados.
   593 | D:1      | Reached ** piety under Trog
   595 | D:1      | Gained mutation: You have hoof-like feet. [demonic
                  | ancestry]
   595 | D:1      | Reached XP level 3. HP: 20/29 MP: 3/3
  1041 | D:2      | Noticed Jessica
  1048 | D:2      | Killed Jessica
  1049 | D:2      | Reached XP level 4. HP: 31/35 MP: 2/4
  2389 | D:3      | Gained mutation: You sometimes gain a little power by
                  | taking damage. [demonic ancestry]
  2389 | D:3      | Reached XP level 5. HP: 30/42 MP: 5/5
  2755 | D:3      | Reached *** piety under Trog
  2856 | D:3      | Reached skill level 4 in Long Blades
  3595 | D:4      | Found a staircase to the Ecumenical Temple.
  3612 | Temple   | Entered the Ecumenical Temple
  4169 | D:4      | Reached XP level 6. HP: 23/48 MP: 6/6
  4795 | D:5      | Entered Level 5 of the Dungeon
  4828 | D:5      | Reached skill level 5 in Long Blades
  4945 | D:5      | Gained mutation: You sometimes gain power by taking damage.
                  | [demonic ancestry]
  4945 | D:5      | Reached XP level 7. HP: 50/55 MP: 7/7
  5054 | D:5      | Reached **** piety under Trog
  5402 | D:5      | Noticed Blork the orc
  5412 | D:5      | Killed Blork the orc
  5490 | D:5      | Noticed Ijyb
  5502 | D:5      | Killed Ijyb
  5779 | D:5      | Reached skill level 5 in Fighting
  6217 | D:6      | Reached XP level 8. HP: 62/62 MP: 8/8
  6231 | D:6      | Reached skill level 6 in Long Blades
  6348 | D:6      | Reached skill level 1 in Evocations
  6678 | D:6      | Reached skill level 1 in Shields
  7852 | D:7      | Found a blossoming altar of Fedhas.
  7852 | D:7      | You fall into a shaft and drop 1 floor!
  8032 | D:7      | Noticed an oklob plant
  8052 | D:7      | Splashed by an oklob plant's acid

Illustrated notes

Levels and vault maps discovered:
D:1:      dpeg_arrival_court, layout_basic, cheibriados_altar_1
D:2:      layout_basic, uniq_jessica
D:3:      minmay_inner_zag, layout_loops_ring
D:4:      layout_rooms, minmay_temple_entry_crystal_x
D:5:      layout_loops_cross, uniq_ijyb, uniq_blork_the_orc
D:6:      layout_basic
D:7:      layout_loops_cross, tgw_fedhas, grunt_temple_overflow_open,
          grunt_ministairs_9, uniq_prince_ribbit1
D:8:      layout_loops_ring, lemuel_doored_altar, uniq_maurice
Temple:   nicolae_temple_figure_eight

Skill      XL: |  1  2  3  4  5  6  7  8 |
---------------+-------------------------+-----
Long Blades    | 3 4 5 6 |  6.7
Armour         | 2 3 4 |  4.6
Dodging        | 2 3 4 |  4.0
Fighting       | 4 5 |  5.6
Evocations     | 2 |  2.0
Shields        | 1 |  1.7

Action                   |  1- 3 |  4- 6 |  7- 9 || total
-------------------------+-------+-------+-------++-------
Melee: Falchion          |    67 |   108 |       ||   175
       Kick              |    15 |    53 |       ||    68
       Short sword       |       |    81 |   207 ||   288
       Dagger            |       |       |    47 ||    47
Invok: Berserk           |       |     1 |       ||     1
       Trog's Hand       |       |     1 |       ||     1
Evoke: Wand              |       |       |     4 ||     4
  Use: Scroll            |       |     1 |       ||     1
Armor: Animal skin       |    10 |    15 |       ||    25
       Ring mail         |       |    16 |    12 ||    28
       Scale mail        |       |       |    40 ||    40
       Plate armour      |       |       |    18 ||    18
Dodge: Dodged            |    46 |   110 |    62 ||   218
Block: Kite shield       |       |       |    52 ||    52
       Rpst.: Falchion   |    17 |    30 |       ||    47
